 Dungeon Crawl Stone Soup version 0.30.0-11-gf55b779eaf (webtiles) character file.

Game seed: 11363802464541025775

28987 jasper the Geomancer (level 13, -23/65 HPs)
             Began as a Spriggan Earth Elementalist on May 16, 2023.
             Was an Initiate of Gozag.
             Annihilated by a death yak (25 damage)
             ... on level 2 of the Lair of Beasts.
             The game lasted 00:30:36 (17686 turns).

jasper the Geomancer (Spriggan Earth Elementalist) Turns: 17686, Time: 00:30:36

Health: -23/65     AC:  4    Str:  4    XL:     13   Next: 12%
Magic:  21/21      EV: 27    Int: 21    God:    Gozag
Gold:   3116       SH:  6    Dex: 16    Spells: 2/22 levels left

rFire   . . .        A - +7 Throatcutter {drain, coup de grace}
rCold   . . .        F - +0 buckler
rNeg    . . .        a - +0 robe
rPois   +            (helmet restricted)
rElec   .            o - +1 cloak
rCorr   .            (gloves unavailable)
SInv    +            (boots unavailable)
Will    ++...        (no amulet)
Stlth   ++++         M - +5 ring of evasion
HPRegen 0.30/turn    J - ring of poison resistance
MPRegen 0.17/turn

%: no passive effects
@: very quick
A: very small, no large weapons, unfitting armour, see invisible, speed 3
a: Renounce Religion, Potion Petition, Call Merchant, Bribe Branch


You were on level 2 of the Lair of Beasts.
You worshipped Gozag.
Gozag was most pleased with you.
You visited 2 branches of the dungeon, and saw 14 of its levels.

You collected 3141 gold pieces.
You paid 25 gold pieces to Gozag.

Inventory:

Hand Weapons
 c - a +1 dagger of freezing
 p - a +4 quarterstaff of chaos
 r - a +4 hand axe
 A - the +7 Throatcutter (weapon) {drain, coup de grace}
   (You found it on level 8 of the Dungeon)
 K - the +5 demon whip "Spellbinder" {antimagic, disrupt, Will+}
   (You found it on level 10 of the Dungeon)

   Will:      It increases your willpower.
Missiles
 e - 40 poisoned darts
 B - 5 curare-tipped darts
 G - 2 throwing nets
Armour
 a - a +0 robe (worn)
 d - a +0 kite shield
 o - a +1 cloak (worn)
 F - a +0 buckler (worn)
Magical Staves
 v - a staff of air
Jewellery
 t - a ring of flight
 J - a ring of poison resistance (right hand)
 M - a +5 ring of evasion (left hand)
 U - a ring of protection from fire
Wands
 k - a wand of paralysis (7)
 x - a wand of flame (31)
 y - a wand of polymorph (15)
 E - a wand of roots (4)
 O - a wand of acid (1)
 T - a wand of mindburst (6)
Scrolls
 g - 3 scrolls of enchant weapon
 m - a scroll of enchant armour
 n - 4 scrolls of teleportation
 u - 3 scrolls of vulnerability
 z - a scroll of fog
 C - 2 scrolls of immolation
 H - a scroll of fear
 I - 2 scrolls of brand weapon
 L - a scroll of amnesia
 P - a scroll of summoning
 Q - a scroll of magic mapping
Potions
 b - a potion of magic
 f - 4 potions of degeneration
 h - 3 potions of attraction
 i - 4 potions of might
 j - 2 potions of invisibility
 l - 4 potions of heal wounds
 q - 11 potions of curing
 s - 4 potions of brilliance
 w - 4 potions of haste
 D - 2 potions of lignification
 N - a potion of mutation
 R - a potion of resistance {unknown}
 S - 2 potions of flight {unknown}


   Skills:
 - Level 6.0 Fighting
 - Level 10.0 Dodging
 - Level 10.0 Stealth
 - Level 7.1 Shields
 - Level 5.1 Spellcasting
 + Level 8.9 Conjurations
 - Level 5.0 Hexes
 - Level 1.3 Transmutations
 - Level 1.0 Air Magic
 - Level 10.0 Earth Magic
 - Level 1.0 Poison Magic
 - Level 4.0 Evocations


You had 2 spell levels left.
You knew the following spells:

 Your Spells              Type           Power      Damage    Failure   Level
a - Sandblast             Erth           94%        2d19      1%          1
b - Passwall              Tmut/Erth      24%        N/A       2%          2
c - Stone Arrow           Conj/Erth      90%        3d12      1%          3
d - Mephitic Cloud        Conj/Pois/Air  20%        N/A       12%         3
e - Fulminant Prism       Conj/Hex       17%        3d10      11%         4
f - Orb of Destruction    Conj           21%        9d8       98%         7

Your spell library contained the following spells:

 Spells                   Type           Power      Damage    Failure   Level
 Magic Dart               Conj           100%       1d8       1%          1
 Searing Ray              Conj           84%        2d7       1%          2
 Ensorcelled Hibernation  Hex/Ice        30%        N/A       10%         2
 Freeze                   Ice            20%        1d4       19%         1
 Cigotuvi's Dreadful Rot  Necr/Pois/Air  16%        N/A       21%         2
 Call Imp                 Summ           10%        N/A       26%         2
 Dazzling Flash           Conj/Hex       68%        N/A       3%          3
 Hailstorm                Conj/Ice       24%        3d7       9%          3
 Iskenderun's Battlesphe  Conj           42%        2d9       13%         5
 Petrify                  Tmut/Erth      29%        N/A       17%         4
 Spider Form              Tmut/Pois      10%        N/A       32%         3
 Frozen Ramparts          Ice            10%        1d2       47%         3
 Anguish                  Hex/Necr       7%         N/A       54%         4
 Fireball                 Conj/Fire      12%        3d7       63%         5
 Silence                  Hex/Air        8%         N/A       82%         5
 Dispel Undead            Necr           5%         3d7       87%         4
 Conjure Ball Lightning   Conj/Air       13%        3x3d6     98%         6
 Agony                    Necr           5%         N/A       99%         5
 Death Channel            Necr           2%         N/A       100%        6


Dungeon Overview and Level Annotations

Branches:
Dungeon (12/15)            Temple (0/1) D:4            Lair (2/5) D:11
  Swamp: Lair:2-3    Shoals: Lair:2-3     Snake: Lair:2-3    Spider: Lair:2-3
    Orc: D:9-12

Altars:
Ashenzari
Dithmenos
Fedhas
Gozag
Hepliaklqana
Kikubaaqudgha
Makhleb
Qazlal
Ru
Trog
Xom
Yredelemnul

Annotations:
D:8 3 runed translucent doors
D:11 exclusions: orc priest and unseen horror, Erolcha


Innate Abilities, Weirdness & Mutations

You are very small and have problems with some larger weapons.
You are too small for most types of armour.
You have supernaturally acute eyesight. (SInv)
You cover ground extremely quickly. (Speed+++)


Message History

The death yak barely misses you. You block the death yak's attack.
You slash the death yak! You drain the death yak.
The death yak is heavily wounded.
The death yak gores you!
You take 7 damage, and have 58/65 hp.
You hit the death yak.
The death yak is severely wounded.
The death yak completely misses you. x2
You hit the death yak but do no damage.
The death yak is severely wounded.
The death yak misses you.
You hit the death yak.
The death yak is severely wounded.
The death yak completely misses you. The death yak misses you.
You slash the death yak!
The death yak is almost dead.
You block the death yak's attack.
You hit the death yak.
You behead the death yak!
You kill the death yak!
You now have 3116 gold pieces (gained 14).
You start resting.
HP restored.
Health restored: 65 You regained 2 mp, and now have 4/21 mp.
You start resting.
Magic restored.
MP restored: 21
There is an open door here.
There is a stone staircase leading down here.
You climb downwards.
You block the death yak's attack. The death yak gores you!! x2
* * * LOW HITPOINT WARNING * * *
The death yak closely misses you.
There is a stone staircase leading up, spattered with blood here.
You take 54 damage, and have 11/65 hp.
MASSIVE DAMAGE!!
The death yak gores you!
* * * LOW HITPOINT WARNING * * *
The death yak gores you!!
You die...
Your body crumbles into a pile of gold.

##..##.# #......##
###.[...#####..#..#
##.......P# #..##.##
##.........####..P...#
.~~.................#......#
~.........................#
~....#.....#.#.#........##
.)...##...Y######.......#
##....###...@..####..#.###
..##....? #..[.Y.P.........#
........# #P...............#
#..#####..##P#........##
#.#...$....####.#P...###
YY#.##.....## ####..## ...
###..P....# #...# ...
#)........# #...# .#
####......# #...#


You could see 2 death yaks.

Vanquished Creatures
  Josephine (D:11)
  A hydra (Lair:2)
  3 two-headed ogres
  8 death yaks
  Nergalle (Lair:1)
  A skyshark (Lair:2)
  2 harpies (Lair:1)
  An ugly thing (D:11)
  A manticore (D:11)
  A cyclops (D:11)
  Maurice (D:11)
  6 cane toads
  A gargoyle (D:10)
  3 kobold demonologists (D:8)
  A rime drake (Lair:1)
  5 komodo dragons
  A hornet (D:9)
  2 polar bears
  Prince Ribbit (D:6)
  5 blink frogs
  2 shadows
  A wyvern (Lair:1)
  4 wraiths (D:11)
  Grum (D:9)
  29 yaks
  3 steam dragons
  2 acid dragons
  A water moccasin (D:7)
  12 orc warriors
  3 ice beasts
  3 sky beasts
  A black bear (D:5)
  7 centaurs
  3 wolves (D:9)
  6 ogres
  A phantom (D:5)
  10 kobold brigands
  A gnoll sergeant (D:10)
  3 scorpions
  3 bullfrogs
  10 killer bees
  An electric eel (D:8)
  A howler monkey (D:10)
  2 jellies
  3 hounds
  10 orc priests
  A sleepcap (D:4)
  Crazy Yiuf (D:2)
  3 gnoll boudas
  12 orc wizards
  2 iguanas (D:5)
  23 gnolls
  7 adders
  A white imp (D:6)
  3 worms
  5 dart slugs
  42 orcs
  7 endoplasms
  4 giant cockroaches
  3 goblins
  5 hobgoblins
  5 quokkas
  13 ball pythons
  6 bats
  3 frilled lizards
  6 kobolds
  4 rats
325 creatures vanquished.

Notes
Turn   | Place    | Note
-------+----------+-------------------------------------------
     0 | D:1      | jasper the Spriggan Earth Elementalist began the quest for
                  | the Orb.
     0 | D:1      | Reached XP level 1. HP: 9/9 MP: 5/5
   101 | D:1      | Reached XP level 2. HP: 13/13 MP: 4/6
   104 | D:1      | Learned a level 2 spell: Passwall
   609 | D:1      | Reached XP level 3. HP: 16/16 MP: 6/8
  1573 | D:2      | Found an opulent altar of Gozag.
  1616 | D:2      | Became a worshipper of Gozag Ym Sagoz the Greedy
  1859 | D:2      | Found a runed translucent door.
  1860 | D:2      | Noticed Crazy Yiuf
  1908 | D:2      | Reached XP level 4. HP: 20/21 MP: 5/9
  2396 | D:2      | Killed Crazy Yiuf
  2628 | D:3      | Found a stormy altar of Qazlal.
  2693 | D:3      | Reached skill level 5 in Earth Magic
  2805 | D:3      | Learned a level 3 spell: Stone Arrow
  3128 | D:4      | Reached XP level 5. HP: 24/24 MP: 8/10
  3509 | D:4      | Noticed an ogre
  3523 | D:4      | Killed an ogre
  3606 | D:4      | Reached XP level 6. HP: 28/28 MP: 8/11
  3690 | D:4      | Found a staircase to the Ecumenical Temple.
  3991 | D:5      | Entered Level 5 of the Dungeon
  4145 | D:5      | Found a bloodstained altar of Trog.
  4433 | D:5      | Found a shimmering altar of Xom.
  4435 | D:5      | Found a shimmering altar of Xom.
  4436 | D:5      | Found a shimmering altar of Xom.
  4440 | D:5      | Reached XP level 7. HP: 32/32 MP: 10/12
  5262 | D:6      | Noticed Prince Ribbit
  5265 | D:6      | Reached XP level 8. HP: 35/36 MP: 10/13
  5490 | D:6      | Killed Prince Ribbit
  5491 | D:6      | Reached skill level 10 in Earth Magic
  5636 | D:6      | Learned a level 3 spell: Mephitic Cloud
  5710 | D:6      | Found a basalt altar of Yredelemnul.
  5972 | D:7      | Reached skill level 1 in Evocations
  6079 | D:7      | Reached skill level 1 in Poison Magic
  6094 | D:7      | Reached skill level 1 in Air Magic
  6152 | D:7      | Reached skill level 1 in Fighting
  6152 | D:7      | Reached skill level 1 in Conjurations
  6391 | D:7      | Reached XP level 9. HP: 41/41 MP: 10/14
  6493 | D:7      | Reached skill level 5 in Stealth
  6626 | D:7      | Found a shadowy altar of Dithmenos.
  7120 | D:8      | Reached skill level 5 in Dodging
  7292 | D:8      | Found a runed translucent gate.
  7292 | D:8      | Found a runed translucent gate.
  7292 | D:8      | Noticed a glowing orange brain
  7292 | D:8      | Noticed a white ugly thing
  7292 | D:8      | Noticed a cyan ugly thing
  7293 | D:8      | Found a runed translucent gate.
  7495 | D:8      | Found the +7 Throatcutter {drain, coup de grace}
  7495 | D:8      | Noticed a kobold demonologist
  7495 | D:8      | Noticed a kobold demonologist
  7495 | D:8      | Noticed a kobold demonologist
  7500 | D:8      | Killed a kobold demonologist
  7500 | D:8      | Killed a kobold demonologist
  7500 | D:8      | Killed a kobold demonologist
  7501 | D:8      | Reached XP level 10. HP: 49/49 MP: 10/15
  7706 | D:8      | HP: 1/49 [orc warrior/+0 war axe (8)]
  7928 | D:8      | Noticed a green ugly thing
  7928 | D:8      | Noticed a purple ugly thing
  7928 | D:8      | Noticed a cyan ugly thing
  7929 | D:8      | Noticed a cyan ugly thing
  8232 | D:10     | Entered Level 10 of the Dungeon
  8407 | D:9      | Noticed Grum
  8637 | D:9      | Killed Grum
  8714 | D:9      | Reached skill level 10 in Stealth
  9152 | D:9      | Reached skill level 5 in Fighting
  9352 | D:9      | Found an opulent altar of Gozag.
  9554 | D:9      | Reached XP level 11. HP: 36/56 MP: 8/16
  9742 | D:10     | Noticed a two-headed ogre
  9769 | D:9      | Killed a two-headed ogre
  9770 | D:9      | Reached skill level 5 in Conjurations
 10054 | D:10     | Reached skill level 10 in Dodging
 10146 | D:10     | Found a sacrificial altar of Ru.
 10219 | D:10     | Found the +5 demon whip "Spellbinder" {antimagic, disrupt,
                  | Will+}
 10420 | D:10     | Learned a level 4 spell: Fulminant Prism
 10490 | D:10     | Reached skill level 1 in Shields
 11202 | D:10     | Found an ancient bone altar of Kikubaaqudgha.
 11205 | D:10     | Found a blossoming altar of Fedhas.
 11252 | D:10     | Found a faded altar of an unknown god.
 11252 | D:10     | Found a broken altar of Ashenzari.
 11259 | D:10     | Found a faded altar of an unknown god.
 11261 | D:10     | Found a burning altar of Makhleb.
 11263 | D:10     | Found a hazy altar of Hepliaklqana.
 11483 | D:11     | Noticed a purple ugly thing
 11483 | D:11     | Noticed a two-headed ogre
 11494 | D:10     | Killed a two-headed ogre
 11553 | D:11     | Noticed Erolcha
 11750 | D:10     | Reached skill level 5 in Shields
 12330 | D:11     | Noticed Josephine
 12346 | D:11     | Killed Josephine
 12554 | D:11     | Noticed a two-headed ogre
 12575 | D:11     | Killed a two-headed ogre
 12576 | D:11     | Reached XP level 12. HP: 61/61 MP: 12/17
 12865 | D:11     | Noticed Maurice
 12870 | D:11     | Killed Maurice
 13238 | D:12     | Noticed a two-headed ogre
 13895 | D:10     | Reached skill level 1 in Hexes
 14030 | D:11     | Found a staircase to the Lair.
 14035 | Lair:1   | Entered Level 1 of the Lair of Beasts
 14256 | Lair:1   | Noticed a death yak
 14260 | Lair:1   | Noticed a death yak
 14261 | Lair:1   | Noticed a death yak
 14270 | Lair:1   | Noticed a death yak
 14300 | Lair:1   | Killed a death yak
 14668 | Lair:1   | Killed a death yak
 14817 | Lair:1   | Killed a death yak
 15166 | Lair:1   | Noticed Nergalle
 15172 | Lair:1   | Reached skill level 5 in Spellcasting
 15172 | Lair:1   | Reached skill level 5 in Hexes
 15440 | Lair:1   | Learned a level 7 spell: Orb of Destruction
 15528 | Lair:1   | Killed a death yak
 16012 | Lair:1   | Killed Nergalle
 16338 | Lair:2   | Noticed a five-headed hydra
 16621 | Lair:2   | Killed a five-headed hydra
 17067 | Lair:2   | Noticed a death yak
 17070 | Lair:2   | Noticed a death yak
 17070 | Lair:2   | Noticed a death yak
 17073 | Lair:2   | Noticed a death yak
 17177 | Lair:1   | Reached XP level 13. HP: 52/65 MP: 11/21
 17686 | Lair:2   | HP: 2/65 [death yak (9)]
 17686 | Lair:2   | Annihilated by a death yak

Illustrated notes

Levels and vault maps discovered:
D:1:      nzn_arrival_crosshair, layout_loops_cross
D:2:      layout_basic, basic_altar, nicolae_hexahallways, grunt_decor_fettered,
          uniq_crazy_yiuf_cottage
D:3:      layout_rooms, grunt_qazlal_sundering
D:4:      layout_gridville, minmay_temple_entry_enclosed_plants
D:5:      layout_cave_pods, xom_redecorated, general_overflow_altar,
          saegor_snake_ambush
D:6:      layout_cave_pools, mainiacjoe_overflow_brackets, uniq_prince_ribbit1
D:7:      layout_cave_pools, nicolae_dithmenos_the_darkroom
D:8:      layout_basic, ploomutoo_gammafunk_ghost_potion_laboratory,
          minivault_14, dilly_guarded_unrand_throatcut
D:9:      layout_loops_ring, grunt_gozag_statues, uniq_grum
D:10:     kennysheep_seaside_town, layout_rooms,
          grunt_temple_overflow_growth_and_decay,
          nicolae_ru_sacrificial_ziggurat, chequers_temple_overflow_minitemple
D:11:     layout_loops_ring, lair_entry_dummy, uniq_josephine, uniq_maurice,
          uniq_erolcha
D:12:     layout_basic, orc_0_dummy, gammafunk_ghost_fury_of_okawaru,
          portal_ice_cave_rime, st_stairs_2, minmay_holes
Lair:1:   layout_regular_city, serial_bayou_crossing, grunt_megastairs_3,
          uniq_nergalle
Lair:2:   layout_misc_corridors, nicolae_shoals_entry_roost,
          guppyfry_snake_entry_garden

Skill      XL: |  1  2  3  4  5  6  7  8  9 10 11 12 |
---------------+-------------------------------------+-----
Earth Magic    | 3 4 5 6 7 9 10 | 10.0
Spellcasting   | 3 5 |  5.1
Dodging        | 3 6 9 10 | 10.0
Evocations     | 2 4 |  4.0
Poison Magic   | 1 |  1.0
Air Magic      | 1 |  1.0
Fighting       | 1 3 5 6 |  6.0
Stealth        | 4 8 10 | 10.0
Conjurations   | 1 3 4 5 8 |  8.9
Shields        | 6 7 |  7.1
Hexes          | 5 |  5.0
Transmutations | |  1.3

Action                     |  1- 3 |  4- 6 |  7- 9 | 10-12 | 13-15 || total
---------------------------+-------+-------+-------+-------+-------++-------
  Melee: Quarterstaff      |       |     4 |       |       |       ||     4
         Long sword        |       |       |       |    43 |    13 ||    56
         Punch             |       |       |       |     1 |       ||     1
  Throw: Dart              |       |       |       |     4 |       ||     4
   Cast: Sandblast         |    53 |    83 |   159 |   436 |     7 ||   738
         Stone Arrow       |       |       |     1 |    64 |    16 ||    81
         Mephitic Cloud    |       |       |       |     2 |       ||     2
  Evoke: Wand              |       |       |     1 |     4 |       ||     5
    Use: Scroll            |     2 |     8 |     8 |     8 |       ||    26
         Potion            |       |       |     1 |       |       ||     1
   Stab: Distracted        |       |       |       |     1 |     1 ||     2
 Armour: Robe              |     1 |     3 |     8 |    15 |       ||    27
  Dodge: Dodged            |    14 |    21 |    85 |   258 |    17 ||   395
  Block: Buckler           |       |       |       |    48 |     4 ||    52
